 Dungeon Crawl Stone Soup version 0.28-a0-697-g47f3eba078 (webtiles) character file.

Game seed: 9456392993542507838

233 Gargoyl the Skirmisher (level 6, -3/53 HPs)
             Began as a Gnoll Abyssal Knight on Oct 23, 2021.
             Was a Follower of Lugonu.
             Slain by an ogre (16 damage)
             ... on level 4 of the Dungeon.
             The game lasted 00:03:32 (2284 turns).

Gargoyl the Skirmisher (Gnoll Abyssal Knight)       Turns: 2284, Time: 00:03:33

Health: -3/53      AC: 10    Str: 14    XL:     6   Next: 4%
Magic:  10/10      EV: 12    Int:  9    God:    Lugonu [*.....]
Gold:   118        SH:  0    Dex: 19    Spells: 8/8 levels left

rFire   . . .      SeeInvis .   a - +1 hand axe (freeze)
rCold   . . .      Faith    .   (no shield)
rNeg    . . .      Spirit   .   i - +0 ring mail
rPois   .          Reflect  .   d - +1 helmet
rElec   .          Harm     .   (no cloak)
rCorr   .          Rampage  .   (no gloves)
Will    .....                   (no boots)
Stlth   ++........              (no amulet)
HPRegen 0.17/turn               k - +6 ring of dexterity
MPRegen 0.12/turn               (no ring)

@: flying
A: fangs 1, strong nose, distributed training, iridescent scales 1,
deterioration 1, high mp 1, wild magic 1
a: Renounce Religion, Depart the Abyss


You were on level 4 of the Dungeon.
You worshipped Lugonu.
Lugonu was aware of your devotion.
You visited 1 branch of the dungeon, and saw 4 of its levels.
You visited the Abyss 1 time.

You collected 118 gold pieces.

Inventory:

Hand Weapons
 a - a +1 hand axe of freezing (weapon)
Missiles
 h - 3 silver boomerangs
Armour
 d - a +1 helmet (worn)
 i - a +0 ring mail (worn)
Jewellery
 k - a +6 ring of dexterity (left hand)
Scrolls
 g - a scroll of magic mapping
Potions
 e - a potion of experience


   Skills:
 + Level 6.7 Fighting
 + Level 1.7 Short Blades
 + Level 1.7 Long Blades
 + Level 4.9 Axes
 + Level 1.7 Maces & Flails
 + Level 1.7 Polearms
 + Level 1.7 Staves
 + Level 1.7 Slings
 + Level 1.7 Bows
 + Level 1.7 Crossbows
 + Level 1.7 Throwing
 + Level 4.9 Armour
 + Level 3.1 Dodging
 + Level 1.7 Stealth
 + Level 1.7 Shields
 + Level 1.7 Unarmed Combat
 + Level 1.7 Spellcasting
 + Level 1.3 Conjurations
 + Level 1.3 Hexes
 + Level 1.3 Summonings
 + Level 1.3 Necromancy
 + Level 1.3 Translocations
 + Level 1.3 Transmutations
 + Level 1.3 Fire Magic
 + Level 1.3 Ice Magic
 + Level 1.3 Air Magic
 + Level 1.3 Earth Magic
 + Level 1.3 Poison Magic
 + Level 5.0 Invocations
 + Level 1.7 Evocations


You had 8 spell levels left.
You didn't know any spells.
Your spell library was empty.

Dungeon Overview and Level Annotations

Branches:
Dungeon (4/15)
 Temple: D:4-7

Altars:


Innate Abilities, Weirdness & Mutations

You have very sharp teeth.
Your uncanny sense of smell can sniff out nearby items.
Your experience applies equally to all skills.
You are partially covered in iridescent scales. (AC +2)
Your body sometimes deteriorates upon taking damage.
You have an increased reservoir of magic. (+10% MP)
Your spells are a little harder to cast, but a little more powerful.


Message History

Increase (S)trength, (I)ntelligence, or (D)exterity?
You feel stronger.
Unknown command.
Things that are here:
a +0 scythe; a +0 robe You drop a ring of ice.
Really quaff the potion of mutation?
You feel extremely strange.
You feel stronger.
Your urge to shout disappears.
You feel yourself wasting away.
Iridescent scales grow over part of your body.
You feel more energetic.
Magic restored.
You see here 12 stones.
An ogre comes into view. It is wielding a +0 giant club.
An ogre is nearby!
An ogre is nearby!
An endoplasm comes into view.
Found a stone staircase leading down.
The endoplasm quivers.
The endoplasm falls through a shaft!
The shaft crumbles and collapses.
Found 8 stones.
The ogre hits you with a +0 giant club!
There is a stone staircase leading down here.
The ogre hits you with a +0 giant club!
You climb downwards.
Found 21 gold pieces.
There is a stone staircase leading up here.
Okay, then.
You hit the ogre but do no damage. You hit the ogre. You freeze the ogre.
Your bite misses the ogre.
The ogre is lightly wounded.
The ogre hits you with a +0 giant club!
You hit the ogre. You freeze the ogre.
The ogre is moderately wounded.
The ogre hits you with a +0 giant club!
* * * LOW HITPOINT WARNING * * *
It was a potion of flight.
You feel very buoyant.
You fly up into the air.
The ogre hits you with a +0 giant club!
You die...

### #.#####.#
.$.....<######
#........O@..#
#.......####.#
#.......# #
#..####.# ∆ #.
#.# ∆ . #.#
..# #.


You could see an ogre.

Vanquished Creatures
  Sigmund (D:3)
  2 adders
  An ufetubus (Abyss:1)
  3 dart slugs
  An orc (D:3)
  3 bats
  4 endoplasms
  3 giant cockroaches
  2 goblins
  3 hobgoblins
  6 jackals
  4 ball pythons
  5 frilled lizards
  5 kobolds
  5 rats
48 creatures vanquished.

Vanquished Creatures (others)
  5 demonic plants (D:1)
  A fungus (D:1)
  6 plants (D:1)
12 creatures vanquished.

Grand Total: 60 creatures vanquished

Notes
Turn   | Place    | Note
-------+----------+-------------------------------------------
     0 | Abyss:1  | Gargoyl the Gnoll Abyssal Knight began the quest for the
                  | Orb.
     0 | Abyss:1  | Reached XP level 1. HP: 23/23 MP: 3/3
    80 | Abyss:2  | Noticed an efreet
    98 | Abyss:2  | Noticed a small abomination
   113 | Abyss:2  | Noticed a smoke demon
   114 | D:1      | Escaped the Abyss
   206 | D:1      | Reached XP level 2. HP: 29/29 MP: 5/5
   295 | D:1      | Reached * piety under Lugonu
   353 | D:1      | Found a faded altar of an unknown god.
   405 | D:1      | Reached XP level 3. HP: 35/35 MP: 6/6
   879 | D:2      | Reached skill level 1 in Short Blades
   879 | D:2      | Reached skill level 1 in Long Blades
   879 | D:2      | Reached skill level 1 in Maces & Flails
   879 | D:2      | Reached skill level 1 in Polearms
   879 | D:2      | Reached skill level 1 in Staves
   879 | D:2      | Reached skill level 1 in Slings
   879 | D:2      | Reached skill level 1 in Bows
   879 | D:2      | Reached skill level 1 in Crossbows
   879 | D:2      | Reached skill level 1 in Throwing
   879 | D:2      | Reached skill level 1 in Stealth
   879 | D:2      | Reached skill level 1 in Shields
   879 | D:2      | Reached skill level 1 in Unarmed Combat
   879 | D:2      | Reached skill level 1 in Spellcasting
   879 | D:2      | Reached skill level 1 in Evocations
  1424 | D:2      | Reached XP level 4. HP: 41/41 MP: 7/7
  2040 | D:3      | Noticed Sigmund
  2075 | D:3      | Gained mutation: You occasionally shout uncontrollably at
                  | your foes. [potion of mutation]
  2075 | D:3      | Gained mutation: You are weak. (Str -2) [potion of
                  | mutation]
  2075 | D:3      | Gained mutation: Your spells are a little harder to cast,
                  | but a little more powerful. [potion of mutation]
  2077 | D:3      | Killed Sigmund
  2078 | D:3      | Reached skill level 1 in Conjurations
  2078 | D:3      | Reached skill level 1 in Hexes
  2078 | D:3      | Reached skill level 1 in Summonings
  2078 | D:3      | Reached skill level 1 in Necromancy
  2078 | D:3      | Reached skill level 1 in Translocations
  2078 | D:3      | Reached skill level 1 in Transmutations
  2078 | D:3      | Reached skill level 1 in Fire Magic
  2078 | D:3      | Reached skill level 1 in Ice Magic
  2078 | D:3      | Reached skill level 1 in Air Magic
  2078 | D:3      | Reached skill level 1 in Earth Magic
  2078 | D:3      | Reached skill level 1 in Poison Magic
  2078 | D:3      | Reached skill level 5 in Invocations
  2078 | D:3      | Reached XP level 5. HP: 21/47 MP: 8/8
  2078 | D:3      | Reached XP level 6. HP: 24/53 MP: 9/9
  2080 | D:3      | Lost mutation: You are weak. (Str -2) [potion of mutation]
  2080 | D:3      | Lost mutation: You occasionally shout uncontrollably at
                  | your foes. [potion of mutation]
  2080 | D:3      | Gained mutation: Your body sometimes deteriorates upon
                  | taking damage. [potion of mutation]
  2080 | D:3      | Gained mutation: You are partially covered in iridescent
                  | scales. (AC +2) [potion of mutation]
  2080 | D:3      | Gained mutation: You have an increased reservoir of magic.
                  | (+10% MP) [potion of mutation]
  2284 | D:4      | Slain by an ogre

Illustrated notes

Levels and vault maps discovered:
D:1:      dpeg_arrival_court, layout_basic, shapermc_ecumenical_altar_gd,
          serial_forest, infiniplex_forest_zigzag_1,
          infiniplex_forest_clump_small, infiniplex_forest_lined_2,
          infiniplex_forest_clump_tiny, minmay_misc_feat_room
D:2:      layout_basic
D:3:      layout_basic, nicolae_hepliaklqana_ecumenical_no_more, uniq_sigmund
D:4:      layout_basic, nicolae_wu_jian_wuxing_cycle,
          minmay_temple_entry_enclosed_plants, uniq_duvessa, uniq_grinder,
          uniq_pikel, uniq_crazy_yiuf_cottage

Skill      XL: |  1  2  3  4 |
---------------+-------------+-----
Short Blades   | 1 |  1.7
Long Blades    | 1 |  1.7
Maces & Flails | 1 |  1.7
Polearms       | 1 |  1.7
Staves         | 1 |  1.7
Slings         | 1 |  1.7
Bows           | 1 |  1.7
Crossbows      | 1 |  1.7
Throwing       | 1 |  1.7
Stealth        | 1 |  1.7
Shields        | 1 |  1.7
Unarmed Combat | 1 |  1.7
Spellcasting   | 1 |  1.7
Evocations     | 1 |  1.7
Dodging        | 3 |  3.1
Conjurations   | 1 |  1.3
Hexes          | 1 |  1.3
Summonings     | 1 |  1.3
Necromancy     | 1 |  1.3
Translocations | 1 |  1.3
Transmutations | 1 |  1.3
Fire Magic     | 1 |  1.3
Ice Magic      | 1 |  1.3
Air Magic      | 1 |  1.3
Earth Magic    | 1 |  1.3
Poison Magic   | 1 |  1.3
Invocations    | 5 |  5.0
Fighting       | |  6.7
Axes           | |  4.9
Armour         | |  4.9

Action                   |  1- 3 |  4- 6 || total
-------------------------+-------+-------++-------
Melee: Hand axe          |    89 |    41 ||   130
       Bite              |     3 |     2 ||     5
Invok: Depart the Abyss  |     1 |       ||     1
  Use: Scroll            |     6 |       ||     6
       Potion            |     1 |     4 ||     5
 Stab: Sleeping          |     1 |       ||     1
Armor: Leather armour    |    40 |     2 ||    42
       Ring mail         |       |     9 ||     9
Dodge: Dodged            |    77 |    24 ||   101

Table legend: (Time is in decaauts)
 A = Elapsed time spent in this place.
 B = Non-inter-level travel time spent in this place.
 C = Inter-level travel time spent in this place.
 D = Time resting spent in this place.
 E = Time spent auto-exploring this place.
 F = Levels seen in this place.
 G = Mean time per level.
                   A        B        C        D        E       F      G
               +--------+--------+--------+--------+--------+-----+--------+
         Total |   2291 |   2244 |     47 |      0 |   1686 |   6 |  381.8 |
       Dungeon |   2177 |   2130 |     47 |      0 |   1635 |   4 |  544.2 |
         Abyss |    114 |    114 |      0 |      0 |     51 |   2 |   57.0 |
               +--------+--------+--------+--------+--------+-----+--------+

Top non-repeatable levels by time:
     D:2: 1253 daAuts
     D:3: 488 daAuts
     D:1: 429 daAuts
 Abyss:1: 61 daAuts
 Abyss:2: 52 daAuts
     D:4: 6 daAuts
